 Dungeon Crawl Stone Soup version 0.24.0-13-gcf9b319 (webtiles) character file.

Game seed: 9649920236006269111, levelgen mode: deterministic

787 Bronimir the Covered (level 7, -7/52 HPs)
             Began as a Barachi Skald on Apr 1, 2020.
             Was a Follower of Kikubaaqudgha.
             Killed from afar by an orc wizard (11 damage)
             ... with a puff of frost
             ... on level 6 of the Dungeon.
             The game lasted 00:10:08 (4736 turns).

Bronimir the Covered (Barachi Skald)                Turns: 4736, Time: 00:10:10

Health: -7/52      AC:  9    Str: 14    XL:     7   Next: 87%
Magic:  5/12       EV:  9    Int: 14    God:    Kikubaaqudgha [*.....]
Gold:   222        SH:  0    Dex: 11    Spells: 2/13 levels left

rFire    . . .     SeeInvis .   a - +2 spear (venom)
rCold    . . .     Gourm    .   (no shield)
rNeg     . . .     Faith    .   x - +0 leather armour
rPois    .         Spirit   .   t - +0 helmet
rElec    .         Reflect  .   (no cloak)
rCorr    .         Harm     .   j - +2 pair of gloves
MR       .....                  y - +0 pair of boots
Stlth    ++........             (no amulet)
HPRegen  0.17/turn              z - ring of stealth
MPRegen  0.13/turn              (no ring)

@: infused, constricted, slow
A: +LOS, swims, slowness 1, strong legs 1
a: Hop, Receive Corpses, Renounce Religion


You were on level 6 of the Dungeon.
You worshipped Kikubaaqudgha.
Kikubaaqudgha was aware of your devotion.
You were hungry.

You visited 1 branch of the dungeon, and saw 6 of its levels.

You collected 222 gold pieces.

Inventory:

Hand Weapons
 a - a +2 spear of venom (weapon)
 b - a +0 hand crossbow
 k - a +0 hand axe
 n - a +0 spear
 G - a +1 hunting sling
Missiles
 f - 43 arrows
 g - 145 stones
 m - 37 poisoned darts (quivered)
 B - 14 bolts
Armour
 j - a +2 pair of gloves (worn)
 p - a +0 ring mail
 t - a +0 helmet (worn)
 x - a +0 leather armour (worn)
 y - a +0 pair of boots (worn)
Jewellery
 z - a ring of stealth (left hand)
 F - an uncursed amulet of rage {unknown}
Wands
 l - a wand of flame (16)
Scrolls
 c - 4 scrolls of remove curse
 h - a scroll of enchant weapon
 i - 4 scrolls of teleportation
 u - 3 scrolls of identify
 w - a scroll of random uselessness {unknown}
 D - a scroll of fog
Potions
 e - 2 potions of haste {unknown}
 o - 2 potions of ambrosia {unknown}
 q - a potion of agility {unknown}
 r - 2 potions of lignification
 s - a potion of cancellation {unknown}
 v - 2 potions of might {unknown}
 C - a potion of heal wounds {unknown}
 E - 2 potions of brilliance {unknown}
Comestibles
 d - 18 rations


   Skills:
 + Level 3.2 Fighting
 + Level 4.0(4.4) Axes
 * Level 2.3(3.3) Polearms
 + Level 0.7(0.8) Slings
 + Level 0.1(0.4) Throwing
 * Level 4.4 Armour
 + Level 3.1 Dodging
 * Level 3.7 Spellcasting
 * Level 2.8 Hexes
 + Level 4.3 Charms
 * Level 1.9 Necromancy
 + Level 0.4 Translocations


You had 2 spell levels left.
You knew the following spells:

 Your Spells              Type           Power        Failure   Level  Hunger
a - Infusion              Chrm           ##..         4%          1    None
b - Song of Slaying       Chrm           ##......     6%          2    ##.....
c - Shroud of Golubria    Chrm/Tloc      #.....       14%         2    ##.....
d - Spectral Weapon       Hex/Chrm       ##......     17%         3    ###....
e - Animate Skeleton      Necr           N/A          11%         1    None
f - Sublimation of Blood  Necr           #.........   17%         2    ##.....

Your spell library contained the following spells:

 Spells                   Type           Power        Failure   Level  Hunger
 Confusing Touch          Hex            ##....       8%          1    None
 Corona                   Hex            ##.....      8%          1    None
 Pain                     Necr           #...         11%         1    None
 Apportation              Tloc           #.....       21%         1    None
 Ensorcelled Hibernation  Hex/Ice        #.....       21%         2    ##.....
 Summon Small Mammal      Summ           #...         24%         1    None
 Regeneration             Chrm/Necr      ##........   21%         3    ###....
 Confuse                  Hex            ##......     22%         3    ###....
 Tukima's Dance           Hex            ##......     22%         3    ###....
 Dazzling Spray           Conj/Hex       #.....       38%         3    ###....


Dungeon Overview and Level Annotations

Branches:
Dungeon (6/15)             Temple (0/1) D:4

Altars:
Cheibriados
Kikubaaqudgha
Okawaru
Sif Muna
Trog


Innate Abilities, Weirdness & Mutations

Shadows flee at your approach. (+LOS)
You can swim through water.
You cover ground slowly.
You can hop short distances.


Message History

The ball python constricts you. The orc wizard closely misses you.
You hit the orc wizard.
You kill the orc wizard!
Kikubaaqudgha accepts your kill.
The orc wizard casts a spell.
The orc wizard blinks!
The ball python closely misses you. The ball python constricts you.
The orc warrior hits you from afar with a +0 glaive!!
* * * LOW HITPOINT WARNING * * *
The orc wizard gestures wildly while chanting.
The orc wizard blinks!
The ball python's grasp on you weakens, but your attempt to escape fails.
The ball python bites you but does no damage.
The ball python constricts you.
The orc wizard casts a spell.
The orc wizard blinks!
The orc wizard points at you and mumbles some strange words.
The puff of frost hits you!
You die...
Kikubaaqudgha rasps: "You have failed me!
Welcome... death!"

### #.# #.# #.#
#§# #(# #@#
......§Soo..>...#
..........o.....#
................#
#......o§...(...#
#............(..#
#...............#
...............%#
....##..........#


You could see an orc warrior, 2 orc wizards, an orc, a ball python and a
friendly spectral +2 spear of venom.

Vanquished Creatures
  Sigmund (D:5)
  An ice beast (D:5)
  3 scorpions
  A hound (D:5)
  A quasit (D:5)
  An orc wizard (D:6)
  Jessica (D:4)
  Natasha (D:4)
  3 worker ants (D:5)
  A hound zombie (D:5)
  A hound skeleton (D:3)
  7 adders
  A worm (D:3)
  A dart slug (D:4)
  7 leopard geckos
  4 orcs (D:3)
  9 bats
  5 giant cockroaches
  8 goblins
  5 hobgoblins
  A quokka (D:5)
  2 ball pythons
  9 frilled lizards
  11 kobolds
  A leopard gecko skeleton (D:4)
  9 rats
95 creatures vanquished.

Vanquished Creatures (others)
  A wizard (D:5)
1 creature vanquished.

Grand Total: 96 creatures vanquished

Notes
Turn   | Place    | Note
-------+----------+-------------------------------------------
     0 | D:1      | Bronimir the Barachi Skald began the quest for the Orb.
     0 | D:1      | Reached XP level 1. HP: 17/17 MP: 3/3
    69 | D:1      | Reached XP level 2. HP: 9/23 MP: 0/5
   285 | D:1      | Learned a level 2 spell: Song of Slaying
   288 | D:1      | Learned a level 2 spell: Shroud of Golubria
   807 | D:2      | Reached XP level 3. HP: 28/28 MP: 3/6
  1075 | D:2      | Found an iron altar of Okawaru.
  1261 | D:2      | Found an ancient bone altar of Kikubaaqudgha.
  1263 | D:2      | Reached XP level 4. HP: 26/34 MP: 5/7
  1754 | D:2      | Became a worshipper of Kikubaaqudgha
  1800 | D:3      | Learned a level 3 spell: Spectral Weapon
  2244 | D:3      | Reached XP level 5. HP: 27/39 MP: 1/9
  3266 | D:4      | Found a staircase to the Ecumenical Temple.
  3568 | D:4      | Noticed Natasha
  3576 | D:4      | Killed Natasha
  3576 | D:4      | Reached * piety under Kikubaaqudgha
  3576 | D:4      | Identified Kikubaaqudgha's Tome of Evil Magic
                  | (Kikubaaqudgha gifted it to you on level 4 of the Dungeon)
  3576 | D:4      | Received a gift from Kikubaaqudgha
  3576 | D:4      | Reached XP level 6. HP: 37/46 MP: 2/11
  3580 | D:4      | Learned a level 1 spell: Animate Skeleton
  3583 | D:4      | Learned a level 2 spell: Sublimation of Blood
  3606 | D:4      | Noticed Jessica
  3613 | D:4      | Killed Jessica
  3702 | D:4      | Found a shimmering blue altar of Sif Muna.
  3729 | D:5      | Entered Level 5 of the Dungeon
  3737 | D:5      | Noticed Sigmund
  3747 | D:5      | Killed Sigmund
  3747 | D:5      | Reached skill level 1 in Polearms
  3747 | D:5      | Reached skill level 1 in Hexes
  3747 | D:5      | Reached skill level 1 in Necromancy
  3777 | D:5      | Reached XP level 7. HP: 39/52 MP: 7/12
  3897 | D:5      | Found a snail-covered altar of Cheibriados.
  3941 | D:5      | Found a bloodstained altar of Trog.
  4682 | D:5      | Noticed a wizard
  4685 | D:5      | Killed a wizard
  4736 | D:6      | Killed from afar by an orc wizard

Levels and vault maps discovered:
D:1:      dpeg_arrival_ratfight, layout_rooms, serial_park_tiny_1
D:2:      layout_loops_ring, okawaru_trees_2, kiku_gazebo_pond_becter,
          first_ration, chequers_arboretum, minmay_misc_feat_alley,
          serial_park_tiny_1, minmay_misc_feat_rows
D:3:      layout_basic
D:4:      layout_rooms, tgw_sif, minmay_temple_entry_grid, uniq_natasha
D:5:      layout_loops_cross, lemuel_round_altar, trog_wizard, uniq_sigmund
D:6:      layout_basic, kennysheep_mini, nemelex_altar_shiori

Skill      XL: |  1  2  3  4  5  6  7 |
---------------+----------------------+-----
Armour         | 2 3 4 |  4.4
Axes           | 3 4 |  4.0
Dodging        | 3 |  3.1
Spellcasting   | 3 |  3.7
Fighting       | 3 |  3.2
Polearms       | 1 2 |  2.3
Hexes          | 1 2 |  2.8
Charms         | 4 |  4.3
Necromancy     | 1 |  1.9
Slings         | |  0.7
Throwing       | |  0.1
Translocations | |  0.4

Action                   |  1- 3 |  4- 6 |  7- 9 || total
-------------------------+-------+-------+-------++-------
Melee: Hand axe          |   136 |   115 |       ||   251
       Spear             |       |    28 |    36 ||    64
 Fire: Hunting sling     |       |     6 |       ||     6
       Hand crossbow     |       |       |    16 ||    16
Throw: Dart              |       |     3 |       ||     3
 Cast: Infusion          |     7 |    11 |     4 ||    22
       Shroud of Golubri |       |     7 |     1 ||     8
       Spectral Weapon   |       |     2 |     2 ||     4
  Use: Scroll            |       |     7 |       ||     7
 Stab: Sleeping          |       |       |     1 ||     1
  Eat: Chunk             |     1 |    10 |     3 ||    14
Armor: Leather armour    |    60 |    53 |    22 ||   135
Dodge: Dodged            |   129 |   113 |    31 ||   273
